← All builds
Suicide front / Armada / Factory first / OBSERVED BUILD

Standard suicide front

Armada Suicide front build order · Supreme Isthmus

The role's standard play: bot lab first, Rocketeer/Centurion/Pawn based force pushes into the middle to contest and hold it until T2 arrives.

Usually lab first (63%)

#rush #push · 1309 distinct matches · 127 players · 71% of Armada Suicide front games · team won 59% of 1550 · Recently observed

HOW TO PLAY IT

Key timing: Bot Lab by 0:20

  1. Open with mex and wind, drop Bot Lab immediately.
  2. Push out first "Centurion" as Pond's boost lands.
  3. Send "Rocketeer", "Centurion", "Pawn" mix to contest middle.
  4. Add Dragon's Teeth and Sentries to hold the line.
  5. Get Advanced Metal Extractor up as T2 nears.

Phase by phase

TYPICAL OF ITS 1309 GAMES
  1. 1
  2. 2
  3. 3
PLAY THE OPENING

Follow the example game's first 6:00 step by step: what to build now, what comes next, and where it goes. At 1× it keeps pace with your own game.

  1. 1

    Bot Lab first

    Order
    1. Bot LabBot Lab done ~0:20, middle half 0:20–0:33

    Some games also: mex (37%)

  2. 2

    Bot Lab to 5:00

    Economy
    • Metal Extractor5Mex
    • Wind Turbine4Wind
    Builders
    • Construction Bot3 Con bot
    • Lazarus2 Lazarus
    Army
    • Sentry4 Sentry
    • Rocketeer17 Rocketeer
    • Tick2 Tick
    • Centurion1 Centurion
    Other
    • Radar Tower1 Radar Tower

    Some games also: con turret (35%) · pawn (33%)

    By 5:00 in all: 5 mex · 4 wind

    The example game in this phase · 21 steps
    1. Wind
    2. LazarusLazarus
    3. Construction BotCon bot
    4. Wind
    5. Construction BotCon bot
    6. Wind
    7. CenturionCenturion
    8. LazarusLazarus
    9. Mex
    10. Construction BotCon bot
    11. Wind ×3
    12. Radar TowerRadar Tower
    13. RocketeerRocketeer ×2
    14. Mex
    15. RocketeerRocketeer
    16. SentrySentry
    17. RocketeerRocketeer ×11
    18. Wind
    19. RocketeerRocketeer
    20. Wind
    21. RocketeerRocketeer ×2
  3. 3

    5:00 to 10:00

    Economy
    • Metal Extractor1Mex
    • Wind Turbine17Wind
    Builders
    • Construction Turret2 Con turret
    • Lazarus2 Lazarus
    • Construction Bot1 Con bot
    Army
    • Sentry1 Sentry
    • Rocketeer8 Rocketeer
    • Pawn1 Pawn

    Some games also: tick (47%) · Radar Tower (46%) · energy storage (46%) · centurion (45%) · Beamer (39%)

    By 10:00 in all: 6 mex · 23 wind · 1 energy storage · 3 con turret

    The example game in this phase · 102 steps
    1. RocketeerRocketeer
    2. Wind
    3. RocketeerRocketeer ×2
    4. Wind
    5. RocketeerRocketeer ×2
    6. Wind
    7. RocketeerRocketeer ×3
    8. Wind
    9. RocketeerRocketeer ×2
    10. Wind
    11. RocketeerRocketeer ×2
    12. Wind
    13. RocketeerRocketeer ×2
    14. Wind
    15. RocketeerRocketeer ×2
    16. LazarusLazarus
    17. Wind
    18. LazarusLazarus
    19. RocketeerRocketeer
    20. Wind
    21. RocketeerRocketeer
    22. Energy storage
    23. RocketeerRocketeer ×2
    24. Wind
    25. RocketeerRocketeer
    26. Con turret
    27. Wind
    28. Metal storage
    29. Wind
    30. Con turret
    31. Advanced Bot LabAdvanced Bot Labdone 10:28
    32. Energy storage
    33. Wind ×3
    34. Advanced Construction BotT2 con bot
    35. Wind
    36. ButlerButler
    37. SentrySentry
    38. ButlerButler ×2
    39. Advanced Metal ExtractorT2 mexdone 11:22 · typical 9:36
    40. Wind
    41. ButlerButler
    42. Advanced Construction BotT2 con bot
    43. Wind ×2
    44. Advanced Metal ExtractorT2 mex
    45. Wind
    46. ButlerButler
    47. Wind ×2
    48. ButlerButler
    49. Wind
    50. ButlerButler
    51. Wind ×2
    52. ButlerButler
    53. Wind
    54. Advanced Metal ExtractorT2 mex
    55. Wind
    56. Advanced Construction BotT2 con bot
    57. Wind
    58. Advanced Metal ExtractorT2 mex
    59. Wind ×10
    60. TracerTracer
    61. Wind ×4
    62. Converter
    63. Wind ×2
    64. SentrySentry
    65. Converter
    66. Wind
    67. Cloakable Fusion ReactorCloakable Fusion Reactornot finished by 15:00
    68. Wind
    69. SentrySentry
    70. Wind
    71. Converter
    72. WelderWelder
    73. Wind ×2
    74. Converter
    75. Wind ×2
    76. WelderWelder
    77. Wind ×2
    78. Converter
    79. Wind ×2
    80. WelderWelder
    81. Converter
    82. Wind ×4
    83. Converter
    84. Wind
    85. WelderWelder
    86. Wind ×2
    87. Converter
    88. Wind
    89. WelderWelder
    90. Advanced Radar TowerAdvanced Radar Tower
    91. Converter
    92. Wind ×3
    93. Converter
    94. Wind
    95. WelderWelder
    96. Wind
    97. Converter
    98. Wind
    99. HoundHound
    100. Converter
    101. HoundHound
    102. Wind ×2

Counts are medians over the build's games: half of them build more, half fewer. The example game is RamboO's (35 OS, 28/08/2026); pick another.

Team trades

IN AT LEAST 30% OF ITS GAMES

You hand over

Nothing regular.

You get

  • Tidal Generator4 Tidal from Pondfirst at 0:10 · in 69% of games
  • Advanced Construction Bot1 T2 con bot from Geo or Techfirst at 7:30 · in 59% of games

How it plays out

Typical game of this build, running totals by minute

Metal produced

010k20k30k
0:005:0010:0015:00

metal

Enemy metal destroyed

05k10k
0:005:0010:0015:00

metal

Own metal lost

05k10k
0:005:0010:0015:00

metal

1550 games.

Show as table
ByMetal produced: This buildEnemy metal destroyed: This buildOwn metal lost: This build
1:0022600
2:0088900
3:002051180106
4:003161660496
5:00424314171026
6:00543423001787
7:00667231752706
8:00792440303613
9:00931647974495
10:001069854325318
11:001225359116059
12:001410665186829
13:001622670297536
14:001809577098373
15:002043283489240
WHAT THE NUMBERS SAY

Standard suicide front play wins slightly more than half its games with fast kills but also fast losses, matching the raw grind of the role.

  • + First kill lands by 2:04 in all games
  • + Metal produced reaches 19882 by 15:00
  • − Own metal lost hits 9208 by 15:00, near metal destroyed of 8172
  • − First unit lost as early as 2:08 in every game
THE EXAMPLE YOU ARE READING

RamboO

35.0 OS · 28/08/2026

Open source match ↗

0 received units
2 metal received · 128 energy received

Allied construction assistance is unknown. Timings are observations, not a promise of solo reproducibility.

Typical milestones

Bot Lab0:20Middle 50%: 0:20–0:33 · n=1543
Advanced Metal Extractor9:36Middle 50%: 8:42–10:48 · n=1143

Played most by

_X_253games of this buildPlatinumBlonde181games of this buildXad127games of this buildImmort74games of this buildwatermeloans60games of this build